 Dungeon Crawl Stone Soup version 0.26-a0-540-g8a0c9464d7 (webtiles) character file.

Game seed: 18361005354055057262

25969 BeastOfSaturn the Spear-Bearer (level 12, -2/72 HPs)
             Began as a Demonspawn Venom Mage on Aug 12, 2020.
             Was a High Priest of Hepliaklqana.
             Slain by an entropy weaver (10 damage)
             ... on level 3 of the Lair of Beasts on Aug 15, 2020.
             The game lasted 00:54:57 (21241 turns).

BeastOfSaturn the Spear-Bearer (DsVM)              Turns: 21241, Time: 00:54:58

Health: -2/72      AC:  3    Str: 15    XL:     12   Next: 94%
Magic:  0/35       EV: 12    Int: 16    God:    Hepliaklqana [*****.]
Gold:   977        SH:  0    Dex: 13    Spells: 13/31 levels left

rFire    . . .     SeeInvis +   b - +0 scythe (venom)
rCold    + . .     Faith    .   (shield currently unavailable)
rNeg     + . .     Spirit   +   E - +0 steam dragon scales
rPois    .         Reflect  .   (helmet unavailable)
rElec    .         Harm     .   (no cloak)
rCorr    .                      (no gloves)
MR       .....                  (no boots)
Stlth    ++........             (no amulet)
HPRegen  0.22/turn              q - ring "Vuirr" {rC+ rN+ MP+9}
MPRegen  0.48/turn              s - +4 ring of protection

@: corroded
A: reduced essence, antennae 3, rugged brown scales 1, spiny 2, magic shield,
magic regeneration, magic link
a: Recall Ancestor, Ancestor Identity, Transference, Idealise, Renounce Religion


You were on level 3 of the Lair of Beasts.
You worshipped Hepliaklqana.
Hepliaklqana was extremely pleased with you.
You visited 3 branches of the dungeon, and saw 14 of its levels.
You also visited: Sewer.

You collected 1153 gold pieces.
You spent 176 gold pieces at shops.

Inventory:

Hand Weapons
 a - a +2 hand axe of flaming
 b - a +0 scythe of venom (weapon)
Armour
 r - a +1 scale mail of magic resistance
 E - +0 steam dragon scales (worn)
Jewellery
 n - an uncursed ring of poison resistance
 q - the ring "Vuirr" (left hand) {rC+ rN+ MP+9}
   (You found it on level 4 of the Dungeon)

   [ring of protection from cold]

   It protects you from cold.
   It protects you from negative energy.
   It affects your magic capacity (+9).
 s - a +4 ring of protection (right hand)
 F - an uncursed ring of resist corrosion
 J - an uncursed amulet of reflection {unknown}
Wands
 t - a wand of flame (17)
 u - a wand of digging (8)
 w - a wand of acid (8)
 y - a wand of random effects (52)
 H - a wand of iceblast (1)
Scrolls
 d - 11 scrolls of identify
 e - 4 scrolls of blinking
 i - 3 scrolls of vulnerability {unknown}
 j - 12 scrolls of teleportation
 o - a scroll of fear
 v - 7 scrolls of remove curse
 A - 3 scrolls of fog
 B - 6 scrolls of amnesia
 K - 2 scrolls of enchant armour
Potions
 c - 5 potions of mutation {unknown}
 g - 4 potions of brilliance
 h - a potion of invisibility {unknown}
 k - 6 potions of curing {unknown}
 l - 2 potions of stabbing {unknown}
 m - a potion of cancellation {unknown}
 p - 3 potions of flight {unknown}
 x - a potion of haste {unknown}
 z - 2 potions of resistance {unknown}
 D - 2 potions of lignification {unknown}
 G - 2 potions of degeneration {unknown}
 I - 3 potions of berserk rage {unknown}
 L - 2 potions of might {unknown}


   Skills:
 * Level 1.9 Fighting
 + Level 0.3(9.6) Axes
 * Level 14.4 Polearms
 - Level 6.0 Armour
 - Level 2.0 Dodging
 - Level 1.7 Stealth
 * Level 10.0 Spellcasting
 * Level 4.5 Conjurations
 - Level 1.0 Transmutations
 * Level 2.0 Fire Magic
 - Level 1.1 Air Magic
 - Level 6.0 Poison Magic


You had 13 spell levels left.
You knew the following spells:

 Your Spells              Type           Power        Failure   Level
a - Sting                 Tmut/Pois      ###.         2%          1
b - Poisonous Vapours     Pois/Air       ###...       3%          2
c - Mephitic Cloud        Conj/Pois/Air  ###.....     5%          3
d - Olgreb's Toxic Radia  Pois           ####....     8%          4
e - Stone Arrow           Conj/Erth      ###...       11%         3
f - Bolt of Magma         Conj/Fire/Erth ###.......   71%         5

Your spell library contained the following spells:

 Spells                   Type           Power        Failure   Level
 Magic Dart               Conj           ###.         1%          1
 Beastly Appendage        Tmut           ##....       6%          1
 Spider Form              Tmut/Pois      ###.......   6%          3
 Conjure Flame            Conj/Fire      ###.....     7%          3
 Ignite Poison            Fire/Tmut/Pois ###.....     8%          3
 Animate Skeleton         Necr           #.....       9%          1
 Apportation              Tloc           #.....       9%          1
 Corona                   Hex            #......      9%          1
 Sandblast                Erth           #.....       9%          1
 Summon Small Mammal      Summ           #...         9%          1
 Wereblood                Tmut           ##......     9%          2
 Passwall                 Tmut/Erth      #.......     11%         2
 Blink                    Tloc           N/A          14%         2
 Call Imp                 Summ           #.......     14%         2
 Slow                     Hex            #.......     14%         2
 Iskenderun's Battlesphe  Conj           ###.....     36%         5
 Ice Form                 Ice/Tmut       #.......     58%         4
 Petrify                  Tmut/Erth      #.......     58%         4
 Blade Hands              Tmut           ##........   86%         5
 Lee's Rapid Deconstruct  Erth           #.........   94%         5
 Iron Shot                Conj/Erth      ###.......   99%         6
 Orb of Destruction       Conj           ###.......   100%        7
 Spellforged Servitor     Conj/Summ      ###.......   100%        7


Dungeon Overview and Level Annotations

Branches:
Dungeon (10/15)            Temple (0/1) D:6            Lair (3/6) D:8
    Orc (1/2) D:10          Sewer (visited)
  Swamp: Lair:2-4    Shoals: Lair:2-4     Snake: Lair:2-4    Spider: Lair:2-4

Altars:
Dithmenos
Fedhas
Gozag
Hepliaklqana
Kikubaaqudgha
Nemelex Xobeh
Qazlal
Ru
Xom
The Shining One
Beogh
Jiyva

Shops:
D:4 [

Annotations:
D:3 exclusion: oklob plant
D:7 2 transporters, astraldaughter's ghost, novice DEWn
Lair:2 exclusion: 3 oklob plants
Lair:3 exclusion: oklob plant
Orc:1 1 runed translucent door, utbildad's ghost, journeyman GrIE


Innate Abilities, Weirdness & Mutations

You have a pair of large antennae on your head. (SInv)
You are partially covered in rugged brown scales. (AC +1, +3% HP)
You are mostly covered in sharp spines.
When hurt, damage is shared between your health and your magic reserves.
You regenerate magic rapidly.
When low on magic, you restore magic in place of health.
Your life essence is reduced to manifest your ancestor. (-10% HP)


Message History

The entropy weaver hits you. The entropy weaver hits you!
The entropy weaver hits you.
You hit the entropy weaver but do no damage.
The entropy weaver looks even sicker.
The entropy weaver is moderately wounded.
The entropy weaver is struck by your spines.
The entropy weaver hits you! x2; The entropy weaver closely misses you.
The entropy weaver hits you!
You barely miss the entropy weaver.
The entropy weaver is heavily wounded.
The entropy weaver is struck by your spines.
The entropy weaver hits you. The entropy weaver hits you! x3
* * * LOW HITPOINT WARNING * * *
The entropy weaver is struck by your spines.
The entropy weaver hits you!
* * * LOW HITPOINT WARNING * * *
The entropy weaver closely misses you. The entropy weaver hits you.
* * * LOW HITPOINT WARNING * * *
The entropy weaver hits you!
You die...

# #...## #..................###
###...# ##.................P##
##....## #..................##
##.....# #.................##.
##....## ##.................##.
##P....# #..................#.#
##P...## ##.................##.
###...# ##.###########......## #
#...# #..#.@a....÷.#.....### #
#...# #..#.#######.#.....# # #
#...#######.#÷#,,,,,*,#.....###
###...#..#..#.#.#,***,*,#......P#
P##...........#.#,*,*,*,#.......P
..............#.#,*{*,*{#........
..............#.#,*,*{*,#........
......##.##.#.#.#{*,*,*{#........
###...######..#.#,*,*,*,#......#.


You could see an entropy weaver (very poisoned).

Vanquished Creatures
  4 hydras
  A two-headed ogre (D:10)
  Nergalle (D:10)
  3 fire crabs (Lair:3)
  Pikel (D:8)
  Joseph (D:9)
  A black mamba (Lair:1)
  Psyche (D:9)
  A centaur skeleton (D:10)
  2 cane toads
  Maggie (D:7)
  2 komodo dragons
  5 blink frogs (Lair:3)
  Prince Ribbit (D:7)
  A hornet (D:8)
  4 hippogriffs
  A slime creature (D:8)
  Sigmund (D:3)
  2 shadows (D:10)
  17 yaks
  A wyvern (D:8)
  3 basilisks
  A warg (Orc:1)
  A steam dragon (D:7)
  8 water moccasins
  4 ice beasts
  2 orc warriors (Orc:1)
  2 black bears
  A sky beast (D:10)
  2 phantoms
  2 ogres
  8 wolves
  2 centaurs
  4 crocodiles
  A lemure (D:8)
  3 big kobolds
  6 bullfrogs
  A wyvern zombie (D:8)
  6 scorpions
  8 killer bees
  A troll zombie (D:10)
  A wight (D:9)
  4 howler monkeys
  An electric eel (D:8)
  4 jellies
  A quasit (D:10)
  4 hounds
  4 orc priests
  An orc wizard (D:8)
  2 bullfrog skeletons
  Jessica (D:2)
  3 iguanas
  Terence (D:2)
  Natasha (thrice) (D:2)
  6 worker ants
  4 ogre zombies (D:10)
  A worker ant zombie (D:9)
  6 gnolls
  13 adders
  A river rat (D:4)
  3 white imps
  An ooze (D:1)
  2 adder zombies
  A worm (D:4)
  A dart slug (D:3)
  A leopard gecko (D:3)
  25 orcs
  2 ball pythons (D:4)
  5 bats
  3 giant cockroaches
  A goblin (D:3)
  4 hobgoblins
  4 jackals
  3 quokkas
  2 frilled lizards
  A goblin skeleton (D:10)
  3 hobgoblin skeletons (D:10)
  2 hobgoblin zombies (D:10)
  22 kobolds
  5 orc skeletons (D:10)
  11 orc zombies (D:10)
  6 rats
  A plant (Lair:2)
288 creatures vanquished.

Vanquished Creatures (collateral kills)
  An orc high priest (Orc:1)
  A fire crab (Lair:3)
  A cane toad (Lair:3)
  The ghost of MrRokkomies the Nimble, a novice FeCK of Xom (D:8)
  2 trolls
  A hippogriff (Lair:2)
  A shadow (D:10)
  4 yaks
  Grum (D:8)
  A warg (Orc:1)
  A porcupine (D:8)
  5 orc warriors
  A sky beast (D:8)
  2 ice beasts
  3 ogres (D:8)
  A hornet zombie (D:9)
  2 centaurs
  A crocodile (Lair:3)
  3 lemures (D:8)
  A bullfrog (D:8)
  A troll zombie (D:10)
  4 wights (D:9)
  An electric eel (Lair:2)
  3 howler monkeys
  A hound (D:5)
  2 jellies (D:8)
  An iguana (D:9)
  3 orc wizards
  A worker ant (D:8)
  2 ogre zombies (D:10)
  2 gnolls (D:4)
  An adder (D:8)
  3 shadow imps
  A worm (D:4)
  14 orcs
  A giant cockroach (D:4)
  A goblin (D:3)
  3 jackals (D:3)
  3 orc zombies (D:10)
  2 rats
  A plant (Lair:3)
85 creatures vanquished.

Vanquished Creatures (others)
  12 knights
  An ancestor (D:3)
  4 fungi
  A plant (Lair:1)
  A withered plant (Orc:1)
19 creatures vanquished.

Grand Total: 392 creatures vanquished

Notes
Turn   | Place    | Note
-------+----------+-------------------------------------------
     0 | D:1      | BeastOfSaturn the Demonspawn Venom Mage began the quest for
                  | the Orb.
     0 | D:1      | Reached XP level 1. HP: 13/13 MP: 3/3
   127 | D:1      | Reached skill level 1 in Transmutations
   127 | D:1      | Gained mutation: When hurt, damage is shared between your
                  | health and your magic reserves. [demonic ancestry]
   127 | D:1      | Reached XP level 2. HP: 7/19 MP: 0/5
   352 | D:1      | Learned a level 2 spell: Poisonous Vapours
  1026 | D:2      | Noticed Natasha
  1051 | D:2      | Killed Natasha
  1051 | D:2      | Gained mutation: You have a pair of small antennae on your
                  | head. [demonic ancestry]
  1051 | D:2      | Reached XP level 3. HP: 4/24 MP: 0/6
  1305 | D:2      | Noticed Natasha
  1307 | D:2      | Killed Natasha
  1307 | D:2      | Gained mutation: You have a pair of antennae on your head.
                  | [demonic ancestry]
  1307 | D:2      | Reached XP level 4. HP: 21/30 MP: 0/8
  1418 | D:2      | Noticed Terence
  1424 | D:2      | Killed Terence
  1565 | D:2      | Learned a level 3 spell: Mephitic Cloud
  1745 | D:2      | Noticed Natasha
  1749 | D:2      | Killed Natasha
  1941 | D:2      | Gained mutation: You have a pair of large antennae on your
                  | head. (SInv) [demonic ancestry]
  1941 | D:2      | Reached XP level 5. HP: 35/35 MP: 3/10
  2138 | D:2      | Found a hazy altar of Hepliaklqana.
  2180 | D:2      | Became a worshipper of Hepliaklqana the Forgotten
  2270 | D:2      | Noticed Jessica
  2273 | D:2      | Killed Jessica
  2411 | D:3      | Reached skill level 1 in Air Magic
  2620 | D:3      | Learned a level 4 spell: Olgreb's Toxic Radiance
  2637 | D:3      | Reached skill level 5 in Poison Magic
  2709 | D:3      | Noticed Sigmund
  2727 | D:3      | Killed Sigmund
  2727 | D:3      | Gained mutation: You are partially covered in sharp spines.
                  | [demonic ancestry]
  2727 | D:3      | Reached XP level 6. HP: 36/36 MP: 4/12
  3400 | D:3      | Found a blossoming altar of Fedhas.
  3426 | D:3      | Noticed an oklob plant
  3631 | D:4      | Reached * piety under Hepliaklqana
  3758 | D:4      | Gained mutation: You regenerate magic rapidly. [demonic
                  | ancestry]
  3758 | D:4      | Reached XP level 7. HP: 41/41 MP: 14/14
  3829 | D:4      | Found a glowing drain.
  3830 | D:4      | Reached skill level 5 in Spellcasting
  3834 | D:4      | Reached skill level 1 in Polearms
  3839 | Sewer    | Entered a sewer
  3948 | Sewer    | Found a white marble altar of Elyvilon.
  4100 | D:4      | Got a flickering wooden ring
  4161 | D:4      | Found Itsa Ihu's Armour Emporium.
  4164 | D:4      | Bought a +1 scale mail of magic resistance for 176 gold
                  | pieces
  4212 | D:4      | Reached skill level 2 in Polearms
  4757 | D:5      | Entered Level 5 of the Dungeon
  4922 | D:5      | Reached ** piety under Hepliaklqana
  4923 | D:5      | Remembered your ancestor Saturn as a knight
  4949 | D:5      | Reached skill level 3 in Polearms
  4970 | D:5      | Reached skill level 1 in Armour
  5315 | D:5      | Reached XP level 8. HP: 46/46 MP: 16/16
  5813 | D:6      | Found a staircase to the Ecumenical Temple.
  5948 | D:6      | Reached skill level 4 in Polearms
  6277 | D:6      | Found a shimmering altar of Xom.
  6316 | D:6      | Reached *** piety under Hepliaklqana
  6849 | D:7      | Reached skill level 5 in Polearms
  7048 | D:7      | Noticed Maggie
  7061 | D:7      | Killed Maggie
  7184 | D:7      | Noticed a hippogriff
  7189 | D:7      | Reached skill level 6 in Polearms
  7191 | D:7      | Killed a hippogriff
  7201 | D:7      | Reached XP level 9. HP: 24/51 MP: 8/18
  7223 | D:7      | Noticed Prince Ribbit
  7227 | D:7      | Noticed a troll
  7229 | D:7      | Killed Prince Ribbit
  7233 | D:7      | Killed a troll
  7233 | D:7      | Reached skill level 7 in Polearms
  7440 | D:7      | Identified the ring "Vuirr" {rC+ rN+ MP+9} (You found it on
                  | level 4 of the Dungeon)
  7608 | D:7      | Found a transporter.
  7614 | D:7      | Found a transporter.
  7614 | D:7      | Noticed astraldaughter's ghost (novice DEWn)
  7615 | D:7      | Noticed a troll
  7719 | D:7      | Found a glowing golden altar of the Shining One.
  8195 | D:7      | Reached **** piety under Hepliaklqana
  8415 | D:8      | Noticed Pikel
  8648 | D:8      | Reached skill level 8 in Polearms
  8772 | D:8      | Found an opulent altar of Gozag.
  9092 | D:8      | Reached skill level 9 in Polearms
  9131 | D:8      | Gained mutation: You are partially covered in rugged brown
                  | scales. (AC +1, +3% HP) [demonic ancestry]
  9131 | D:8      | Reached XP level 10. HP: 51/58 MP: 21/21
  9389 | D:8      | Found a staircase to the Lair.
  9426 | D:8      | Killed Pikel
  9544 | D:8      | Noticed Grum
  9559 | D:8      | Killed Grum
  9792 | D:8      | Found a runed translucent gate.
  9792 | D:8      | Found a runed translucent gate.
  9792 | D:8      | Found a runed translucent gate.
  9814 | D:8      | Found a sparkling altar of Nemelex Xobeh.
 10067 | D:8      | Found a viscous altar of Jiyva.
 10067 | D:8      | Noticed MrRokkomies's ghost (novice FeCK)
 10140 | D:8      | Killed MrRokkomies's ghost
 10140 | D:8      | Reached skill level 10 in Polearms
 10561 | Lair:1   | Entered Level 1 of the Lair of Beasts
 10918 | Lair:1   | Noticed a cane toad
 10923 | Lair:1   | Killed a cane toad
 11024 | Lair:1   | Noticed a four-headed hydra
 11064 | Lair:1   | Noticed a six-headed hydra
 11084 | D:8      | Learned a level 3 spell: Stone Arrow
 11496 | D:9      | Found a shadowy altar of Dithmenos.
 11598 | D:9      | Found a stormy altar of Qazlal.
 11653 | D:9      | Noticed Joseph
 11664 | D:9      | Killed Joseph
 11664 | D:9      | Reached skill level 11 in Polearms
 11664 | D:9      | Gained mutation: You are mostly covered in sharp spines.
                  | [demonic ancestry]
 11664 | D:9      | Reached XP level 11. HP: 44/63 MP: 23/23
 11863 | D:9      | Reached ***** piety under Hepliaklqana
 11889 | D:9      | Noticed Psyche
 11895 | D:9      | Killed Psyche
 12073 | D:9      | Found an ancient bone altar of Kikubaaqudgha.
 12099 | D:9      | Found a sacrificial altar of Ru.
 12148 | D:9      | Reached skill level 1 in Conjurations
 12497 | D:10     | Entered Level 10 of the Dungeon
 12500 | D:10     | Noticed Nergalle
 13337 | D:10     | Noticed a two-headed ogre
 13341 | D:10     | Killed a two-headed ogre
 13346 | D:10     | Reached skill level 5 in Armour
 13371 | D:10     | Reached skill level 12 in Polearms
 13546 | D:10     | Killed Nergalle
 14015 | D:10     | Found a staircase to the Orcish Mines.
 14212 | Orc:1    | Entered Level 1 of the Orcish Mines
 14458 | Orc:1    | Found a roughly hewn altar of Beogh.
 14607 | Orc:1    | Noticed an orc high priest
 14615 | Orc:1    | Killed an orc high priest
 14652 | Orc:1    | Found a roughly hewn altar of Beogh.
 14700 | Orc:1    | Found a runed translucent door.
 14700 | Orc:1    | Noticed utbildad's ghost (journeyman GrIE)
 15612 | D:8      | Killed a six-headed hydra
 15718 | Lair:1   | Killed a five-headed hydra
 15718 | Lair:1   | Gained mutation: When low on magic, you restore magic in
                  | place of health. [demonic ancestry]
 15718 | Lair:1   | Reached XP level 12. HP: 47/68 MP: 23/25
 16174 | Lair:1   | Reached skill level 13 in Polearms
 16285 | Lair:1   | Noticed an eight-headed hydra
 16293 | Lair:1   | Killed an eight-headed hydra
 17415 | Lair:2   | Noticed a six-headed hydra
 17441 | Lair:2   | Killed a six-headed hydra
 18190 | Lair:2   | Learned a level 5 spell: Bolt of Magma
 18786 | Lair:2   | Upgraded the game from 0.26-a0-520-g952f204493 to
                  | 0.26-a0-524-g073066f631
 18902 | Lair:3   | Found a runed translucent door.
 18939 | Lair:3   | Reached skill level 10 in Spellcasting
 18941 | Lair:3   | Found a dark tunnel.
 18967 | Lair:3   | HP: 3/68 [poisoned by a cane toad]
 18974 | Lair:3   | HP: 3/68 [poisoned by a cane toad]
 18982 | Lair:3   | HP: 2/68 [poisoned by a cane toad]
 19479 | Lair:3   | Reached skill level 1 in Fighting
 19731 | Lair:3   | Reached skill level 14 in Polearms
 19736 | Lair:3   | Reached skill level 1 in Fire Magic
 19742 | Lair:3   | Upgraded the game from 0.26-a0-524-g073066f631 to
                  | 0.26-a0-540-g8a0c9464d7
 21134 | Lair:3   | Noticed an entropy weaver
 21241 | Lair:3   | Slain by an entropy weaver

Illustrated notes

Levels and vault maps discovered:
D:1:      ncdulo_smallfort, layout_rooms
D:2:      layout_loops_ring, marbit_many_paths, uniq_terence, uniq_natasha,
          uniq_jessica
D:3:      layout_basic, tgw_fedhas, uniq_sigmund
D:4:      layout_gridville, nicolae_ossuary_entry_monument, serial_shops,
          nicolae_shop_behind_doors, portal_sewer_entry_e
D:5:      layout_layer_cave
D:6:      layout_basic, lemuel_round_altar, minmay_temple_entry_grid,
          minmay_misc_feat_chi
D:7:      layout_basic, kennysheep_mini_moat, serial_curves, eino_curves_02,
          eino_curves_02, gammafunk_ghost_arena, uniq_maggie,
          uniq_prince_ribbit1
D:8:      wad_river_or_something, layout_basic, old_standard_altar,
          nemelex_altar_shiori, lair_entry_dummy, gammafunk_ghost_ooze,
          grunt_ministairs_10, minmay_misc_feat_doors, kennysheep_path_1,
          st_stairs_3, uniq_grum, uniq_pikel
D:9:      layout_basic, overflow_temple_1_default, kiku_gazebo_pond_becter,
          nicolae_dithmenos_shadow_blocks, basic_altar, uniq_psyche, uniq_joseph
D:10:     layout_cave_pools, zombieorc2_lemuel, uniq_nergalle
Lair:1:   layout_cave_pods, grunt_forest_small_clearings, st_stairs_9,
          grunt_megastairs_2, serial_bayou_shore_b
Lair:2:   layout_gridlike, infiniplex_staircase_pool_2, grunt_megastairs_4,
          serial_bayou_shore_b, minmay_lair_oklob_chamber
Lair:3:   gammafunk_mikee_crab_dinner, layout_long_grid,
          nicolae_volcano_entry_two_sided, serial_bayou_shore_b
Orc:1:    layout_caves, gammafunk_ghost_grave, basic_altar, bh_open_orc_temple

Skill      XL: |  1  2  3  4  5  6  7  8  9 10 11 12 |
---------------+-------------------------------------+-----
Transmutations | 1 |  1.0
Dodging        | 2 |  2.0
Poison Magic   | 4 5 6 |  6.0
Spellcasting   | 3 4 5 6 7 8 9 10 | 10.0
Air Magic      | 1 |  1.1
Polearms       | 3 6 9 11 12 14 | 14.4
Armour         | 1 2 3 4 5 6 |  6.0
Conjurations   | 2 4 |  4.5
Fighting       | 1 |  1.9
Fire Magic     | 2 |  2.0
Axes           | |  0.3
Stealth        | |  1.7

Action                   |  1- 3 |  4- 6 |  7- 9 | 10-12 || total
-------------------------+-------+-------+-------+-------++-------
Melee: Unarmed           |    43 |    39 |       |       ||    82
       Scythe            |       |    25 |   144 |   447 ||   616
       Hand axe          |       |       |       |     4 ||     4
 Cast: Sting             |    14 |       |       |     2 ||    16
       Poisonous Vapours |    13 |    43 |     6 |       ||    62
       Olgreb's Toxic Ra |       |     1 |     9 |    26 ||    36
       Mephitic Cloud    |       |       |     3 |     4 ||     7
       Stone Arrow       |       |       |       |     2 ||     2
Invok: Ancestor Identity |       |     1 |       |       ||     1
       Ancestor Life: Kn |       |       |     1 |       ||     1
Evoke: Wand              |       |       |       |    18 ||    18
  Use: Scroll            |     6 |     3 |     4 |     3 ||    16
       Potion            |       |       |     1 |     3 ||     4
 Stab: Sleeping          |       |     1 |    10 |     6 ||    17
       Distracted        |       |       |     1 |     7 ||     8
       Confused          |       |       |       |     1 ||     1
Armor: Robe              |    27 |     9 |     5 |       ||    41
       Steam dragon scal |       |       |    14 |   174 ||   188
Dodge: Dodged            |    53 |    42 |    84 |   272 ||   451

Table legend: (Time is in decaauts)
 A = Elapsed time spent in this place.
 B = Non-inter-level travel time spent in this place.
 C = Inter-level travel time spent in this place.
 D = Time resting spent in this place.
 E = Time spent auto-exploring this place.
 F = Levels seen in this place.
 G = Mean time per level.
                   A        B        C        D        E       F      G
               +--------+--------+--------+--------+--------+-----+--------+
         Total |  21623 |  20932 |    691 |   4667 |  13295 |  15 | 1441.5 |
       Dungeon |  14784 |  14259 |    525 |   2283 |   9975 |  10 | 1478.4 |
          Lair |   5805 |   5722 |     83 |   2178 |   2701 |   3 | 1935.0 |
  Orcish Mines |    852 |    769 |     83 |    206 |    486 |   1 |  852.0 |
         Sewer |    180 |    180 |      0 |      0 |    132 |   1 |  180.0 |
               +--------+--------+--------+--------+--------+-----+--------+

Top non-repeatable levels by time:
  Lair:3: 2697 daAuts
     D:8: 2590 daAuts
     D:9: 2525 daAuts
     D:7: 2216 daAuts
  Lair:2: 1837 daAuts
     D:2: 1423 daAuts
  Lair:1: 1271 daAuts
     D:3: 1150 daAuts
     D:4: 1123 daAuts
     D:5: 1058 daAuts
     D:6: 1029 daAuts
     D:1: 960 daAuts
   Orc:1: 852 daAuts
    D:10: 706 daAuts
   Sewer: 180 daAuts
